 Dungeon Crawl Stone Soup version 0.28.0-49-g6dfe1f597d (webtiles) character file.

Game seed: 3123465090456567538

9 Gabide the Skirmisher (level 2, 24/24 HPs)
             Began as a Human Monk on May 12, 2022.
             Was an Initiate of Ashenzari.
             Got out of the dungeon alive.
             The game lasted 00:01:09 (297 turns).

Gabide the Skirmisher (Human Monk)                   Turns: 297, Time: 00:01:10

Health: 24/24      AC:  2    Str: 11    XL:     2   Next: 25%
Magic:  2/2        EV: 13    Int: 10    God:    Ashenzari [......]
Gold:   0          SH:  0    Dex: 15    Spells: 1/1 levels left

rFire   . . .      SeeInvis .   a - +0 spear
rCold   . . .      Faith    .   (no shield)
rNeg    . . .      Spirit   .   b - +0 robe
rPois   .          Reflect  .   (no helmet)
rElec   .          Harm     .   (no cloak)
rCorr   .          Rampage  .   (no gloves)
Will    .....                   (no boots)
Stlth   ++........              (no amulet)
HPRegen 0.08/turn               (no ring)
MPRegen 0.08/turn               (no ring)

@: no status effects
A: no striking features
a: Renounce Religion, Curse Item


You escaped.
You worshipped Ashenzari.
Ashenzari was noncommittal.
You visited 1 branch of the dungeon, and saw 1 of its levels.

Inventory:

Hand Weapons
 a - a +0 spear (weapon)
Armour
 b - a +0 robe (worn)


   Skills:
 + Level 3.2 Fighting
 + Level 3.2 Polearms
 + Level 3.2 Dodging
 - Level 2.0 Stealth


You had one spell level left.
You didn't know any spells.
Your spell library was empty.

Dungeon Overview and Level Annotations

Branches:
Dungeon (1/15)

Altars:
Ashenzari


Message History

You reach to attack!
You barely miss the endoplasm. You hit the endoplasm.
The endoplasm is almost dead.
The endoplasm barely misses you.
You hit the endoplasm.
You kill the endoplasm!
The endoplasm jiggles.
Reach: a) +0 spear
Press: ? - help, Dir - move target, f - endoplasm
Aim: an endoplasm (about 13% to evade your +0 spear)
You reach to attack!
You hit the endoplasm but do no damage. You hit the endoplasm.
The endoplasm is heavily wounded.
The endoplasm closely misses you.
You hit the endoplasm.
You kill the endoplasm!
HP restored.
You see here a +0 dagger.
Things that are here:
a +0 short sword; a +0 dagger; a kobold skeleton
Press: ? - help, v - describe, . - travel The floor.
You see here a +0 dagger.
Found a stone staircase leading down.
You see here a +0 club.
Found 2 gold pieces.
There is a faded altar of an unknown god here.
You cannot tell which god this altar belongs to.
Convert to them anyway?
Ashenzari accepts your prayer! Ashenzari welcomes you!
Ashenzari invites you to partake of a vision and a curse of beguiling and cunning.
Ashenzari warns you of distant threats and treasures.
Ashenzari reveals the structure of the dungeon to you.
Ashenzari shows you where magical portals lie.
You see here a +0 club.
Key pressed, stopping travel.
You can't go up here!
You can't go up here!
You see here a +0 dagger.
There is a staircase leading out of the dungeon here.
Are you sure you want to leave the Dungeon?
This will make you lose the game!
You have escaped!

..>.............
..####))######## ..
##.##########
...####........^..#
........##)....#..##
######..##.######..#
#...8.....8...#
#...#.....#...#
#...#..@..#...######
#...#.....#........(
#...8.....8...######
##.######.##..#
#..#....)#...#
#............#
#######.####.# #. .#
#. .#


There were no monsters in sight!

Vanquished Creatures
  2 endoplasms (D:1)
  3 goblins (D:1)
  2 kobolds (D:1)
7 creatures vanquished.

Notes
Turn   | Place    | Note
-------+----------+-------------------------------------------
     0 | D:1      | Gabide the Human Monk began the quest for the Orb.
     0 | D:1      | Reached XP level 1. HP: 18/18 MP: 1/1
     5 | D:1      | Found a faded altar of an unknown god.
    35 | D:1      | Reached XP level 2. HP: 9/24 MP: 2/2
   283 | D:1      | Prayed at the altar of an unknown god.
   283 | D:1      | Became a worshipper of Ashenzari the Shackled
   297 | D:$      | Got out of the dungeon alive.

Illustrated notes

Levels and vault maps discovered:
D:1:      scummos_arrival_simple_crosswalls, layout_basic,
          chequers_ecumenical_altar_simple_redux, serial_shops,
          nicolae_shop_stone, minmay_pentomino_x4

Action                   || total
-------------------------++-------
Melee: Spear             ||    24
Armor: Robe              ||     1
Dodge: Dodged            ||    12
